 Dungeon Crawl Stone Soup version 0.21.1-1-g345015f (webtiles) character file.

156 Kagorn the Shield-Bearer (level 5, -3/41 HPs)
             Began as a Vampire Fighter on June 4, 2018.
             Killed by divine providence
             ... invoked by an orc priest
              (15 damage)
             ... on level 3 of the Dungeon.
             The game lasted 00:23:58 (2309 turns).

Kagorn the Shield-Bearer (Vampire Fighter)          Turns: 2309, Time: 00:23:59

Health: -3/41      AC:  7    Str: 15    XL:     5   Next: 14%
Magic:  1/1        EV:  7    Int: 11    God:
Gold:   107        SH: 10    Dex: 14    Spells: 4/4 levels left

rFire    . . .     SeeInvis +   n - +3 short sword (antimagic)
rCold    . . .     Gourm    .   c - +1 shield
rNeg     + . .     Faith    .   b - +0 scale mail
rPois    .         Spirit   .   (no helmet)
rElec    .         Reflect  .   (no cloak)
rCorr    .         Harm     .   m - +0 pair of gloves
MR       .....                  (no boots)
Stlth    +.........             (no amulet)
HPRegen  0.13/turn              (no ring)
MPRegen  0.07/turn              (no ring)

@: no status effects
A: fangs 3, see invisible, unbreathing
a: Bat Form


You were on level 3 of the Dungeon.
You were not thirsty.

You visited 1 branch of the dungeon, and saw 3 of its levels.

You collected 107 gold pieces.

Inventory:

Hand Weapons
 a - a +0 long sword
 n - a +3 antimagic short sword (weapon)
Armour
 b - a +0 scale mail (worn)
 c - a +1 shield (worn)
 m - a +0 pair of gloves (worn)
Scrolls
 f - 6 scrolls of identify
 g - a scroll of remove curse {unknown}
 h - 3 scrolls of blinking
 l - a scroll of teleportation
Potions
 d - a potion of might
 e - 11 potions of blood
 i - 6 potions of curing


   Skills:
 + Level 3.1 Fighting
 * Level 2.0(2.7) Short Blades
 + Level 2.4(2.8) Long Blades
 + Level 2.8 Armour
 * Level 1.9 Dodging
 * Level 2.7 Stealth
 + Level 3.2 Shields


You had 4 spell levels left.
You didn't know any spells.

Dungeon Overview and Level Annotations

Branches:
Dungeon (3/15)

Altars:
Vehumet


Innate Abilities, Weirdness & Mutations

You have razor-sharp teeth.
You have supernaturally acute eyesight. (SInv)
You can survive without breathing.


Message History

The orc wizard gestures wildly while chanting.
The orc wizard blinks!
The orc hits you with a falchion.
* * * LOW HITPOINT WARNING * * *
The orc priest looks encouraged for a moment.
The orc barely misses you. The orc barely misses you.
You feel yourself speed up.
The orc priest looks braver for a moment.
The orc priest looks satisfied for a moment.
The orc wizard casts a spell.
The orc wizard seems to speed up.
The orc priest casts a cantrip, but nothing happens.
The orc priest begins to cast a cantrip, but forgets the words!
The orc hits you but does no damage.
The orc wizard gestures wildly while chanting.
The orc wizard blinks!
The orc priest mumbles some strange prayers to Beogh against you.
Beogh smites you!
You die...

#.......+ ##..o####
##..##### #ยง......#
#.#.###.# #o#o#
#.o.# #.# #..##
#(###### ##.@####.#
##... ..#
#........###...###.#
#.#.#.#####.....##.#
#.#...## #...###.#
#.##...######.##....
#.##.............#.#
#.##...######.####.#
#.....## #......#
####### #.######


You could see an orc priest, an orc wizard and 2 orcs.

Vanquished Creatures
  An orc priest (D:3)
  2 orc wizards (D:2)
  2 adders
  A worm (D:3)
  A dart slug (D:2)
  4 leopard geckos
  2 orcs (D:2)
  6 bats
  2 giant cockroaches
  6 goblins
  3 hobgoblins (D:2)
  3 jackals (D:2)
  A quokka (D:3)
  2 frilled lizards
  5 kobolds
  8 rats
49 creatures vanquished.

Notes
Turn   | Place    | Note
-------+----------+-------------------------------------------
     0 | D:1      | Kagorn the Vampire Fighter began the quest for the Orb.
     0 | D:1      | Reached XP level 1. HP: 17/17 MP: 1/1
   482 | D:1      | Reached XP level 2. HP: 21/23 MP: 2/2
   627 | D:1      | Reached skill level 1 in Stealth
  1177 | D:2      | Reached skill level 1 in Dodging
  1182 | D:2      | Reached XP level 3. HP: 22/28 MP: 3/3
  1317 | D:1      | Reached XP level 4. HP: 20/35 MP: 1/4
  1483 | D:2      | Reached skill level 1 in Short Blades
  2000 | D:2      | Found a radiant altar of Vehumet.
  2281 | D:3      | Reached XP level 5. HP: 19/41 MP: 1/5
  2309 | D:3      | Killed from afar by an orc priest

Skill      XL: |  1  2  3  4 |
---------------+-------------+-----
Stealth        | 1 2 |  2.7
Dodging        | 1 |  1.9
Fighting       | 3 |  3.1
Shields        | 3 |  3.2
Short Blades   | 2 |  2.0
Long Blades    | |  2.4
Armour         | |  2.8

Action                   |  1- 3 |  4- 6 || total
-------------------------+-------+-------++-------
Melee: Long sword        |    85 |       ||    85
       Bite              |    12 |    10 ||    22
       Short sword       |    42 |    90 ||   132
  Use: Potion            |     7 |    10 ||    17
       Scroll            |       |     5 ||     5
 Stab: Sleeping          |     1 |       ||     1
Armor: Scale mail        |    78 |    37 ||   115
Dodge: Dodged            |    67 |    23 ||    90
Block: Shield            |    82 |    47 ||   129
       Rpst.: Long sword |    15 |       ||    15
